PL
PHOENIX HOTSPUR @ PANAMA CITY PIRANHAS
08/24/2029
 
TOP OF THE 1ST
Phoenix Hotspur batting - Pitching for Panama City Piranhas : RHP John Dempsey
Pitching: RHP John Dempsey
Batting: RHB Roland Deschain 0-0: Foul Ball, location: 2F
0-1: Fly out, F7 (Flyball, 78M)
Batting: RHB Kyle Bywaters 0-0: Called Strike
0-1: Fly out, F7 (Flyball, 7LMF)
Batting: LHB Francisco García 0-0: Ball
1-0: Ground out 1-3 (Groundball, P)
Top of the 1st over - 0 runs, 0 hits, 0 errors, 0 left on base; Phoenix 0 - Panama City 0
BOTTOM OF THE 1ST
Panama City Piranhas batting - Pitching for Phoenix Hotspur : LHP Alejandro Guerra
Pitching: LHP Alejandro Guerra
Batting: RHB Juan Jose Ayala 0-0: Called Strike
0-1: Ground out 5-3 (Groundball, 56)
Batting: RHB Baldomero Avino 0-0: Fly out, F9 (Flyball, 9LSF)
Now in RF: Jesús González
Batting: RHB Andy Putman 0-0: Called Strike
0-1: Ball
1-1: Fly out, F3 (Popup, 3F)
Bottom of the 1st over - 0 runs, 0 hits, 0 errors, 0 left on base; Phoenix 0 - Panama City 0
TOP OF THE 2ND
Phoenix Hotspur batting - Pitching for Panama City Piranhas : RHP John Dempsey
Batting: LHB Mario Cruz 0-0: Foul Ball, location: 2F
0-1: Foul Ball, location: 2F
0-2: Foul Ball, location: 2F
0-2: Ball
1-2: Strikes out swinging
Batting: RHB Randy Rehling 0-0: Called Strike
0-1: Foul Ball, location: 2F
0-2: SINGLE (Line Drive, 6MD)
Batting: LHB Wagaw Lukongolo 0-0: Foul Ball, location: 2F
0-1: Foul Ball, location: 2F
0-2: Strikes out swinging
Batting: RHB Ted Cook 0-0: SINGLE (Groundball, 56D)
Randy Rehling to second
Batting: LHB Shojiro Ueda 0-0: Swinging Strike
0-1: Ball
1-1: Foul Ball, location: 2F
1-2: Ball
2-2: Strikes out swinging
Top of the 2nd over - 0 runs, 2 hits, 0 errors, 2 left on base; Phoenix 0 - Panama City 0
BOTTOM OF THE 2ND
Panama City Piranhas batting - Pitching for Phoenix Hotspur : LHP Alejandro Guerra
Batting: RHB Cale Sutton 0-0: Ball
1-0: Called Strike
1-1: Called Strike
1-2: Fly out, F8 (Flyball, 8RD)
Batting: RHB Fernando Silva 0-0: Called Strike
0-1: Ball
1-1: Called Strike
1-2: Foul Ball, location: 2F
1-2: Strikes out swinging
Batting: RHB Raúl Ortíz 0-0: Ball
1-0: SINGLE (Line Drive, 4M)
Batting: RHB Armando Alvarado 0-0: Ball
1-0: Fielders Choice at 2nd, 6-4 (Groundball, 6)
Bottom of the 2nd over - 0 runs, 1 hit, 0 errors, 1 left on base; Phoenix 0 - Panama City 0
TOP OF THE 3RD
Phoenix Hotspur batting - Pitching for Panama City Piranhas : RHP John Dempsey
Batting: SHB Jesús González 0-0: Called Strike
0-1: SINGLE (Groundball, 6MD)
Batting: RHB Roland Deschain 0-0: Called Strike
0-1: Ball
1-1: SINGLE (Groundball, 56D)
Jesús González to second
Batting: RHB Kyle Bywaters 0-0: Fielders Choice at 2nd, 6-4 (Groundball, 6)
Jesús González to third
Batting: LHB Francisco García 0-0: Ball
1-0: Fly out, F7 (Flyball, 7LSF)
Runner from 3rd tags up, SCORES, no throw
Batting: LHB Mario Cruz 0-0: Ball
1-0: Swinging Strike
1-1: Ball
2-1: Ball
3-1: Base on Balls
Kyle Bywaters to second
Batting: RHB Randy Rehling 0-0: Ball
1-0: Ball
2-0: Called Strike
2-1: Foul Ball, location: 2F
2-2: Strikes out swinging
Top of the 3rd over - 1 run, 2 hits, 0 errors, 2 left on base; Phoenix 1 - Panama City 0
BOTTOM OF THE 3RD
Panama City Piranhas batting - Pitching for Phoenix Hotspur : LHP Alejandro Guerra
Batting: RHB Darrell Terwey 0-0: Foul Ball, location: 2F
0-1: Ball
1-1: Ball
2-1: Ball
3-1: Base on Balls
Batting: RHB Bill Tan 0-0: Ball
1-0: Ball
2-0: Ground out 5-3 (Groundball, 56S)
Darrell Terwey to second
Batting: RHB Juan Jose Ayala 0-0: Ball
1-0: Ball
2-0: Fly out, F3 (Popup, 3S)
Batting: RHB Baldomero Avino 0-0: Called Strike
0-1: Ball
1-1: Swinging Strike
1-2: Ball
2-2: 2-RUN HOME RUN (Flyball, 7D), Distance : 363 ft
Batting: RHB Andy Putman 0-0: Ball
1-0: Ball
2-0: Ball
3-0: Called Strike
3-1: Foul Ball, location: 2F
3-2: Fly out, F7 (Flyball, 78S)
Bottom of the 3rd over - 2 runs, 1 hit, 0 errors, 0 left on base; Phoenix 1 - Panama City 2
TOP OF THE 4TH
Phoenix Hotspur batting - Pitching for Panama City Piranhas : RHP John Dempsey
Batting: LHB Wagaw Lukongolo 0-0: Ball
1-0: SINGLE (Groundball, 4S) (infield hit)
Batting: RHB Ted Cook 0-0: Called Strike
0-1: Ball
1-1: Ball
2-1: Called Strike
2-2: Fly out, F8 (Flyball, 8LS)
Batting: LHB Shojiro Ueda 0-0: Ball
1-0: Called Strike
1-1: Ball
2-1: SINGLE (Line Drive, 78S)
Wagaw Lukongolo to second
Batting: SHB Jesús González 0-0: Called Strike
Wagaw Lukongolo steals 3rd base
Shojiro Ueda to second
0-1: Ball
1-1: Swinging Strike
1-2: Fly out, F7 (Flyball, 7LMF)
Runner from 3rd tags up, SCORES, no throw
Batting: RHB Roland Deschain 0-0: SINGLE (Groundball, 3D)
Shojiro Ueda to third
Runner from 3rd tries for Home, SAFE, no throw
Batting: RHB Kyle Bywaters 0-0: Called Strike
Roland Deschain steals 2nd base
0-1: Ground out 5-3 (Groundball, 56S)
Top of the 4th over - 2 runs, 3 hits, 0 errors, 1 left on base; Phoenix 3 - Panama City 2
BOTTOM OF THE 4TH
Panama City Piranhas batting - Pitching for Phoenix Hotspur : LHP Alejandro Guerra
Batting: RHB Cale Sutton 0-0: Ball
1-0: Ball
2-0: Ball
3-0: Called Strike
3-1: Base on Balls
Batting: RHB Fernando Silva 0-0: Foul Ball, location: 2F
0-1: Foul Ball, location: 2F
0-2: Ball
1-2: Ball
2-2: SINGLE (Groundball, 6) (infield hit)
Cale Sutton to second
Batting: RHB Raúl Ortíz 0-0: Called Strike
0-1: Foul Ball, location: 2F
0-2: Ball
1-2: Foul Ball, location: 2F
1-2: Ball
2-2: Strikes out swinging
Batting: RHB Armando Alvarado 0-0: Ball
1-0: Foul Ball, location: 2F
1-1: Ball
2-1: Foul Ball, location: 2F
2-2: Foul Ball, location: 2F
2-2: Fly out, F9 (Line Drive, 89M)
Batting: RHB Darrell Terwey 0-0: Ball
1-0: Called Strike
1-1: Swinging Strike
1-2: Strikes out swinging
Bottom of the 4th over - 0 runs, 1 hit, 0 errors, 2 left on base; Phoenix 3 - Panama City 2
TOP OF THE 5TH
Phoenix Hotspur batting - Pitching for Panama City Piranhas : RHP John Dempsey
Batting: LHB Francisco García 0-0: Ball
1-0: Ball
2-0: Ball
3-0: Base on Balls
Batting: LHB Mario Cruz 0-0: Ball
1-0: Ball
2-0: Ball
3-0: Called Strike
3-1: Fly out, F8 (Flyball, 8RM)
Batting: RHB Randy Rehling 0-0: Fly out, F7 (Flyball, 7S)
Batting: LHB Wagaw Lukongolo 0-0: Ball
1-0: Called Strike
1-1: Fly out, F8 (Line Drive, 8RD)
Top of the 5th over - 0 runs, 0 hits, 0 errors, 1 left on base; Phoenix 3 - Panama City 2
BOTTOM OF THE 5TH
Panama City Piranhas batting - Pitching for Phoenix Hotspur : LHP Alejandro Guerra
Batting: RHB Bill Tan 0-0: Foul Ball, location: 2F
0-1: Foul Ball, location: 2F
0-2: Ball
1-2: Foul Ball, location: 2F
1-2: Ball
2-2: Strikes out swinging
Batting: RHB Juan Jose Ayala 0-0: Called Strike
0-1: Foul Ball, location: 2F
0-2: Strikes out swinging
Batting: RHB Baldomero Avino 0-0: Called Strike
0-1: Ball
1-1: Ground out 5-3 (Groundball, 56)
Bottom of the 5th over - 0 runs, 0 hits, 0 errors, 0 left on base; Phoenix 3 - Panama City 2
TOP OF THE 6TH
Phoenix Hotspur batting - Pitching for Panama City Piranhas : RHP John Dempsey
Batting: RHB Ted Cook 0-0: Called Strike
0-1: Ball
1-1: Called Strike
1-2: Foul Ball, location: 2F
1-2: Strikes out looking
Batting: LHB Shojiro Ueda 0-0: Fly out, F6 (Line Drive, 56D)
Batting: SHB Jesús González 0-0: Ball
1-0: Ball
2-0: Foul Ball, location: 2F
2-1: Swinging Strike
2-2: Strikes out looking
Top of the 6th over - 0 runs, 0 hits, 0 errors, 0 left on base; Phoenix 3 - Panama City 2
BOTTOM OF THE 6TH
Panama City Piranhas batting - Pitching for Phoenix Hotspur : LHP Alejandro Guerra
Batting: RHB Andy Putman 0-0: Called Strike
0-1: Ball
1-1: Foul Ball, location: 2F
1-2: Foul Ball, location: 2F
1-2: SINGLE (Line Drive, 78S)
Batting: RHB Cale Sutton 0-0: Foul Ball, location: 2F
0-1: Grounds into double play, 4-6-3 (Groundball, 4)
Batting: RHB Fernando Silva 0-0: Foul Ball, location: 2F
0-1: Fly out, F9 (Flyball, 9S)
Bottom of the 6th over - 0 runs, 1 hit, 0 errors, 0 left on base; Phoenix 3 - Panama City 2
TOP OF THE 7TH
Phoenix Hotspur batting - Pitching for Panama City Piranhas : RHP John Dempsey
Batting: RHB Roland Deschain 0-0: Ground out 6-3 (Groundball, 6)
Batting: RHB Kyle Bywaters 0-0: Foul Ball, location: 2F
0-1: Ball
1-1: Foul Ball, location: 2F
1-2: Foul Ball, location: 2F
1-2: Foul Ball, location: 2F
1-2: Fly out, F7 (Line Drive, 7)
Batting: LHB Francisco García 0-0: Ball
1-0: Foul Ball, location: 2F
1-1: DOUBLE (Line Drive, 9LD)
Batting: LHB Mario Cruz 0-0: Ball
1-0: Ball
2-0: Called Strike
2-1: Ball
3-1: Foul Ball, location: 2F
3-2: Base on Balls
Batting: RHB Randy Rehling 0-0: Ball
1-0: Fielders Choice at 2nd, 6-4 (Groundball, 6)
Top of the 7th over - 0 runs, 1 hit, 0 errors, 2 left on base; Phoenix 3 - Panama City 2
BOTTOM OF THE 7TH
Panama City Piranhas batting - Pitching for Phoenix Hotspur : LHP Alejandro Guerra
Batting: RHB Raúl Ortíz 0-0: Ball
1-0: DOUBLE (Line Drive, 89D)
Batting: RHB Armando Alvarado 0-0: SINGLE (Line Drive, 7LM)
Raúl Ortíz to third
Batting: RHB Darrell Terwey 0-0: Ball
1-0: Called Strike
1-1: Foul Ball, location: 2F
1-2: Ball
2-2: Strikes out swinging
Batting: RHB Bill Tan 0-0: Foul Ball, location: 2F
0-1: Ball
1-1: Ball
2-1: Foul Ball, location: 2F
2-2: Strikes out looking
Batting: RHB Juan Jose Ayala 0-0: Called Strike
0-1: Foul Ball, location: 2F
0-2: Ball
1-2: Foul Ball, location: 2F
1-2: TRIPLE (Flyball, 8RXD)
Raúl Ortíz scores
Armando Alvarado scores
Batting: RHB Baldomero Avino 0-0: Called Strike
0-1: Ball
1-1: Ball
2-1: Fly out, F6 (Line Drive, 6M)
Bottom of the 7th over - 2 runs, 3 hits, 0 errors, 1 left on base; Phoenix 3 - Panama City 4
TOP OF THE 8TH
Phoenix Hotspur batting - Pitching for Panama City Piranhas : RHP John Dempsey
Pitching: RHP Mark Valle
Batting: LHB Wagaw Lukongolo 0-0: Ball
1-0: Swinging Strike
1-1: Swinging Strike
1-2: Ball
2-2: Fly out, F7 (Flyball, 78M)
Batting: RHB Ted Cook 0-0: Ball
1-0: Ball
2-0: Fly out, F4 (Line Drive, 4M)
Batting: LHB Shojiro Ueda 0-0: Ball
1-0: Ball
2-0: Swinging Strike
2-1: SINGLE (Groundball, 56S) (infield hit)
Batting: SHB Jesús González 0-0: Foul Ball, location: 2F
0-1: Ball
1-1: Foul Ball, location: 2F
1-2: Strikes out swinging
Top of the 8th over - 0 runs, 1 hit, 0 errors, 1 left on base; Phoenix 3 - Panama City 4
BOTTOM OF THE 8TH
Panama City Piranhas batting - Pitching for Phoenix Hotspur : LHP Alejandro Guerra
Batting: RHB Andy Putman 0-0: Called Strike
0-1: Called Strike
0-2: Ball
1-2: Fly out, F3 (Popup, 3SF)
Batting: RHB Cale Sutton 0-0: Called Strike
0-1: Ball
1-1: Ball
2-1: Ball
3-1: Foul Ball, location: 2F
3-2: Strikes out looking
Batting: RHB Fernando Silva 0-0: Called Strike
0-1: DOUBLE (Line Drive, 78XD)
Pitching: RHP Santiago Alonza
Batting: RHB Raúl Ortíz 0-0: Ball
1-0: Foul Ball, location: 2F
1-1: Hit by Pitch
Batting: RHB Armando Alvarado 0-0: Called Strike
0-1: Swinging Strike
0-2: Foul Ball, location: 2F
0-2: Ball
1-2: 3-RUN HOME RUN (Flyball, 78XD), Distance : 413 ft
Pitching: RHP Mitchell Atwell
Batting: RHB Darrell Terwey 0-0: Ball
1-0: Called Strike
1-1: Foul Ball, location: 2F
1-2: Foul Ball, location: 2F
1-2: Ball
2-2: Foul Ball, location: 2F
2-2: Ball
3-2: Foul Ball, location: 2F
3-2: SOLO HOME RUN (Flyball, 78XD), Distance : 404 ft
Batting: RHB Bill Tan 0-0: Swinging Strike
0-1: Ball
1-1: Ground out 3-1 (Groundball, 34)
Bottom of the 8th over - 4 runs, 3 hits, 0 errors, 0 left on base; Phoenix 3 - Panama City 8
TOP OF THE 9TH
Phoenix Hotspur batting - Pitching for Panama City Piranhas : RHP Mark Valle
Batting: RHB Roland Deschain 0-0: Ball
1-0: Called Strike
1-1: Foul Ball, location: 2F
1-2: Fly out, F8 (Flyball, 78D)
Batting: RHB Kyle Bywaters 0-0: Ball
1-0: Ground out 6-3 (Groundball, 6)
Batting: LHB Francisco García 0-0: Ball
1-0: Ball
2-0: Called Strike
2-1: Swinging Strike
2-2: SOLO HOME RUN (Line Drive, 9D), Distance : 393 ft
Batting: LHB Mario Cruz 0-0: Called Strike
0-1: Ball
1-1: Ball
2-1: Ground out 4-3 (Groundball, 4)
Top of the 9th over - 1 run, 1 hit, 0 errors, 0 left on base; Phoenix 4 - Panama City 8
Tuesday, December 19th, 2017 - OOTP Baseball 18.8 Build 76